 Dungeon Crawl Stone Soup version 0.29-a0-243-g602b31c20e (webtiles) character file.

Game seed: 1998057334329242820

925 gruber the Archer (level 7, -6/53 HPs)
             Began as a Demigod Hunter on Mar 5, 2022.
             Succumbed to a hornet's poison
             ... on level 5 of the Dungeon.
             The game lasted 00:03:43 (3993 turns).

gruber the Archer (Demigod Hunter)                  Turns: 3993, Time: 00:03:43

Health: -6/53      AC:  6    Str: 13    XL:     7   Next: 54%
Magic:  9/9        EV: 12    Int: 13    God:
Gold:   65         SH:  0    Dex: 22    Spells: 6/6 levels left

rFire   . . .      SeeInvis .   a - +1 shortbow
rCold   + + .      Faith    .   (shield currently unavailable)
rNeg    . . .      Spirit   .   i - +2 robe {rC+}
rPois   .          Reflect  .   (no helmet)
rElec   .          Harm     .   e - +0 cloak
rCorr   .          Rampage  .   (no gloves)
Will    .....                   u - +0 pair of boots
Stlth   ++........              (no amulet)
HPRegen 0.17/turn               r - ring of protection from cold
MPRegen 0.11/turn               (no ring)

@: lethally poisoned (-6 -> -35), slowed, very slow
A: high MP 1, forlorn, divine attributes
a: no special abilities


You were on level 5 of the Dungeon.
You visited 1 branch of the dungeon, and saw 5 of its levels.

You collected 247 gold pieces.
You spent 182 gold pieces at shops.

Inventory:

Hand Weapons
 a - a +1 shortbow (weapon)
 x - the +7 quarterstaff of Sunlight {drain, rPois rC+ Will- MP+9}
   (You found it on level 4 of the Dungeon)

   A truly terrible weapon, it drains the life of any living foe it strikes.
   rC:        It protects you from cold.
   rPois:     It protects you from poison.
   MP:        It affects your magic capacity (+9).
   Will:      It decreases your willpower.
Armour
 e - a +0 cloak (worn)
 i - a +2 robe of cold resistance (worn)
 u - a +0 pair of boots (worn)
Jewellery
 r - a ring of protection from cold (left hand)
Scrolls
 d - a scroll of silence {unknown}
 f - 3 scrolls of enchant weapon {unknown}
 g - 11 scrolls of identify {unknown}
 h - a scroll of immolation {unknown}
 k - a scroll of summoning {unknown}
 m - a scroll of noise {unknown}
 o - a scroll of acquirement {unknown}
 t - 2 scrolls of magic mapping {unknown}
Potions
 c - 3 potions of haste
 l - a potion of heal wounds {unknown}
 n - 2 potions of lignification {unknown}
 p - 5 potions of curing {unknown}
 s - a potion of degeneration {unknown}
 v - a potion of magic {unknown}


   Skills:
 - Level 1.7 Fighting
 + Level 9.1 Bows
 - Level 1.7 Dodging
 - Level 0.8 Stealth


You had 6 spell levels left.
You didn't know any spells.
Your spell library contained the following spells:

 Spells                   Type           Power      Damage    Failure   Level
 Scorch                   Fire           0%         2d5       43%         2
 Gell's Gravitas          Tloc           0%         N/A       67%         3
 Teleport Other           Tloc           0%         N/A       67%         3
 Flame Wave               Conj/Fire      0%         2d4       97%         4
 Dispersal                Tloc           0%         N/A       100%        6
 Summon Cactus Giant      Summ           0%         N/A       100%        6


Dungeon Overview and Level Annotations

Branches:
Dungeon (5/15)             Temple (0/1) D:4

Shops:
D:2 (   D:4 *


Innate Abilities, Weirdness & Mutations

You have an increased reservoir of magic. (+10% MP)
You shall have no god before yourself.
Your divine heritage dramatically boosts your attributes as you level up.


Message History

You shoot an arrow.
The arrow hits the hornet but does no damage.
The hornet is heavily wounded.
The hornet stings you.
You feel yourself slow down.
A hornet is nearby!
You shoot an arrow. The arrow hits the hornet.
The hornet is severely wounded.
The hornet stings you!
You are poisoned.
You feel as though you will be slow longer.
The hornet stings you!
You are more poisoned.
You suddenly lose the ability to move!
The hornet stings you!
You shrug off the repeated paralysis!
You feel very sick. The hornet stings you.
You are more poisoned.
You feel as though you will be slow longer.
You can move again.
Unknown command.
Unknown command.
Unknown command.
Unknown command.
Shoot: a) +1 shortbow
Press: ? - help, Q - select action Shift-Dir - straight line, f/p - hornet
Aim: a hornet (severely wounded, 57% to hit)
You shoot an arrow. The arrow hits the hornet.
The hornet is almost dead.
* * * LOW HITPOINT WARNING * * *
You feel extremely sick. The hornet stings you.
* * * LOW HITPOINT WARNING * * *
You are more poisoned.
You feel as though you will be slow longer.
The hornet misses you.
Shoot: a) +1 shortbow
Press: ? - help, Q - select action Shift-Dir - straight line, f/p - hornet
Aim: a hornet (almost dead, 57% to hit)
You shoot an arrow. The arrow barely misses the hornet.
You die...

#..# #..# #####.
#..#### #.....
#....## #..##.
#.....# #..# .##
#.....# #..# ..#
##.....## #..# #.# #
......[.###..###y#.#
...#.....##.....@..#
##.####..##.####.###
#(# #..##.# ...# #.#
#..##.##.#.#.# #.#
#......)....... #.#
##.##.#.##.#.### #.#
#.##.#^#... †..#.#
##.# ##<.#.#


You could see a hornet.

Vanquished Creatures
  Sigmund (D:4)
  2 ogres
  A bullfrog (D:3)
  A necrophage (D:5)
  A scorpion (D:4)
  A gnoll shaman (D:4)
  A jelly (D:4)
  An iguana (D:5)
  15 gnolls
  6 adders
  2 worms
  6 dart slugs
  9 orcs
  3 endoplasms
  A giant cockroach (D:4)
  7 goblins
  9 hobgoblins
  3 jackals (D:5)
  3 quokkas
  6 ball pythons
  4 bats
  4 frilled lizards (D:1)
  11 kobolds
  10 rats
108 creatures vanquished.

Notes
Turn   | Place    | Note
-------+----------+-------------------------------------------
     0 | D:1      | gruber the Demigod Hunter began the quest for the Orb.
     0 | D:1      | Reached XP level 1. HP: 17/17 MP: 3/3
    95 | D:1      | Reached skill level 4 in Bows
   194 | D:1      | Reached XP level 2. HP: 24/24 MP: 4/4
   650 | D:2      | Reached XP level 3. HP: 29/29 MP: 5/5
   737 | D:2      | Found Zaoch's Weapon Emporium.
  1266 | D:2      | Reached skill level 5 in Bows
  1654 | D:3      | Reached XP level 4. HP: 36/36 MP: 6/6
  2378 | D:4      | Found a staircase to the Ecumenical Temple.
  2378 | D:4      | Noticed Sigmund
  2378 | D:4      | Noticed a bullfrog
  2378 | D:4      | Noticed an ogre
  2401 | D:3      | Killed a bullfrog
  2402 | D:3      | Reached skill level 6 in Bows
  2402 | D:3      | Reached XP level 5. HP: 31/41 MP: 7/7
  2447 | D:4      | Found Xiemos's Assorted Antiques.
  2481 | D:4      | Bought an ichor-stained dagger for 182 gold pieces
  2481 | D:4      | Identified the +2 dagger of Calamity {vorpal, rF+ rC+} (You
                  | bought it in a shop on level 4 of the Dungeon)
  2519 | D:4      | Identified the +7 quarterstaff of Sunlight {drain, rPois
                  | rC+ Will- MP+9}
  2882 | D:4      | Killed an ogre
  2883 | D:4      | Reached skill level 7 in Bows
  2883 | D:4      | Reached XP level 6. HP: 33/48 MP: 8/8
  3131 | D:4      | Killed Sigmund
  3353 | D:4      | Reached skill level 8 in Bows
  3353 | D:4      | Reached XP level 7. HP: 53/53 MP: 9/9
  3498 | D:5      | Entered Level 5 of the Dungeon
  3975 | D:5      | Reached skill level 9 in Bows
  3985 | D:5      | Noticed a hornet
  3990 | D:5      | Paralysed by a hornet for 2 turns
  3993 | D:5      | Succumbed to a hornet's poison

Illustrated notes

Levels and vault maps discovered:
D:1:      scummos_arrival_gate, layout_basic, ebering_ecumenical_altar_box,
          chequers_mini_garden
D:2:      layout_basic, serial_shops, shop
D:3:      minmay_razor_zed, layout_basic
D:4:      layout_basic, minmay_temple_entry_sparse_star, serial_shops,
          nicolae_stop_n_shop_1, uniq_sigmund
D:5:      layout_loops_ring, ebering_dispersal_statue_hall,
          minmay_fire_ice_demons

Skill      XL: |  1  2  3  4  5  6  7 |
---------------+----------------------+-----
Bows           | 4 5 6 7 8 9 |  9.1
Fighting       | |  1.7
Dodging        | |  1.7
Stealth        | |  0.8

Action                   |  1- 3 |  4- 6 |  7- 9 || total
-------------------------+-------+-------+-------++-------
 Fire: Shortbow          |    96 |   125 |    89 ||   310
Armor: Leather armour    |    11 |       |       ||    11
       Robe              |     3 |    15 |    13 ||    31
Dodge: Dodged            |    23 |    46 |    19 ||    88

Table legend: (Time is in decaauts)
 A = Elapsed time spent in this place.
 B = Non-inter-level travel time spent in this place.
 C = Inter-level travel time spent in this place.
 D = Time resting spent in this place.
 E = Time spent auto-exploring this place.
 F = Levels seen in this place.
 G = Mean time per level.
                   A        B        C        D        E       F      G
               +--------+--------+--------+--------+--------+-----+--------+
         Total |   4053 |   3812 |    241 |      0 |   3169 |   5 |  810.6 |
       Dungeon |   4053 |   3812 |    241 |      0 |   3169 |   5 |  810.6 |
               +--------+--------+--------+--------+--------+-----+--------+

Top non-repeatable levels by time:
     D:4: 1124 daAuts
     D:3: 1032 daAuts
     D:2: 759 daAuts
     D:1: 635 daAuts
     D:5: 502 daAuts
